 Dungeon Sprint DCSS version 0.31-a0-496-g6f97920a28 (webtiles) character file.

Game seed: 15758424617189408842

4500000 Midn8 the Axe Maniac (level 27, -7/228 HPs)
             Began as a Djinni Warper on Aug 8, 2023.
             Was the Champion of Makhleb.
             Mangled by a destroyer
             ... wielding a +9 heavy great sword
              (235 damage)
             ... in the Dungeon (Sprint VIII: "Arena of Blood").
             The game lasted 00:04:35 (45 turns).

Midn8 the Axe Maniac (Djinni Warper)                  Turns: 45, Time: 00:04:36

Health: -7/228     AC:  6    Str: 10    XL:     27
Gold:   0          EV: 33    Int: 20    God:    Makhleb [******] SH:  0 Dex: 22

rFire   + + .        i - +∞ Axe of Woe
rCold   x . .        (shield currently unavailable)
rNeg    . . .        b - +0 leather armour
rPois   ∞            (no helmet)
rElec   .            (no cloak)
rCorr   .            (no gloves)
SInv    .            (boots unavailable)
Will    ++...        (no amulet)
Stlth   ++++++++++   (no ring)
HPRegen 0.58/turn    (no ring)
MPRegen 0.00/turn

%: no teleportation, infuse magic (-8 HP)
@: death channelling, flying
A: sickness immunity, fire resistance 2, cold vulnerability 1, float, innate
caster, HP casting, extra vitality 1
a: Renounce Religion, Minor Destruction, Lesser Servant of Makhleb, Major
Destruction, Greater Servant of Makhleb


You were in the Dungeon.
You worshipped Makhleb.
Makhleb was exalted by your worship.
You visited 1 branch

Inventory:

Hand Weapons
 a - a +0 hand axe
 i - the +∞ Axe of Woe (weapon)
   (You found it in the Dungeon)
Missiles
 d - 7 darts of dispersal
Armour
 b - a +0 leather armour (worn)
Scrolls
 c - 2 scrolls of blinking
Potions
 e - a potion of curing
 f - a potion of heal wounds
 g - a potion of haste
 h - a potion of berserk rage


   Skills:
 O Level 27 Fighting
 O Level 27 Short Blades
 O Level 27 Long Blades
 O Level 27 Axes
 + Level 18.2(27) Maces & Flails
 + Level 18.2(27) Polearms
 O Level 27 Staves
 O Level 27 Ranged Weapons
 O Level 27 Throwing
 O Level 27 Armour
 O Level 27 Dodging
 O Level 27 Stealth
 O Level 27 Shields
 O Level 27 Unarmed Combat
 O Level 27 Spellcasting
 O Level 27 Conjurations
 O Level 27 Hexes
   Level 0.0 Charms
 O Level 27 Summonings
 O Level 27 Necromancy
 O Level 27 Translocations
 O Level 27 Transmutations
 O Level 27 Fire Magic
 O Level 27 Ice Magic
 O Level 27 Air Magic
 O Level 27 Earth Magic
 O Level 27 Poison Magic
 O Level 27 Invocations
 O Level 27 Evocations
 O Level 27 Shapeshifting


You knew the following spells:

 Your Spells              Type           Power      Damage    Failure   Level
a - Blink                 Tloc           100%       N/A       0%          2
b - Lesser Beckoning      Tloc           100%       N/A       0%          2
c - Vhi's Electric Charg  Tloc/Air       100%       N/A       0%          3
d - Teleport Other        Tloc           94%        N/A       0%          3
e - Manifold Assault      Tloc           94%        N/A       0%          4
f - Freeze                Ice            100%       1d10      0%          1
g - Scorch                Fire           100%       2d9       0%          2
h - Death Channel         Necr           47%        N/A       0%          6
i - Swiftness             Air            94%        N/A       0%          3
j - Arcjolt               Conj/Air       47%        1d57      0%          5
k - Borgnjor's Vile Clut  Necr/Erth      47%        N/A       0%          5
l - Gell's Gravitas       Tloc           94%        N/A       0%          3
m - Spellforged Servitor  Conj/Summ      47%        N/A       1%          7
n - Eringya's Noxious Bo  Tmut/Pois      47%        4d6       0%          6
o - Lehudib's Crystal Sp  Conj/Erth      47%        10d11     1%          8
p - Maxwell's Capacitive  Air            47%        ∞         1%          8
q - Summon Horrible Thin  Summ           47%        N/A       1%          8
r - Shatter               Erth           47%        3d36*     1%          9
Your spell library was empty.

Dungeon Overview and Level Annotations

Branches:
Dungeon (1/1)

Altars:
Makhleb


Innate Abilities, Weirdness & Mutations

You are immune to sickness and miasma.
You are immune to poison.
Your flesh is very heat resistant. (rF++)
You are vulnerable to cold. (rC-)
You float through the air rather than walking.
You learn spells naturally, not from books.
Your magical power is your life essence.
You have superior vitality. (+4 MHP)


Message History

You slice the destroyer like a ripe choko!!!
You fatally mangle the destroyer.
You destroy the destroyer!
Makhleb accepts your kill.
You feel better.
You open the bag of meat like a pillowcase!!!
You butcher the bag of meat messily.
You kill the bag of meat!
Makhleb accepts your kill.
You hit the bag of meat but do no damage.
You slaughter the bag of meat joyfully.
You kill the bag of meat!
Makhleb accepts your kill.
You carve the bag of meat like a ham!!!
You pulverise the bag of meat into a thin bloody mist.
You kill the bag of meat!
Makhleb accepts your kill.
A glowing mist starts to gather...
Something hits your spectral bag of meat! x2
Something hits your spectral bag of meat!!!
A meat berserker comes into view. It is wielding a +9 battleaxe.
Your spectral bag of meat closely misses the destroyer.
Your spectral bag of meat hits the destroyer but does no damage.
Your spectral meat berserker hits the bag of meat!
Your spectral bag of meat hits the bag of meat. x2
The destroyer hits your spectral meat berserker with a +9 heavy great sword!!!!!
The destroyer bites your spectral meat berserker but does no damage.
Your spectral meat berserker hits the destroyer!
Your spectral bag of meat closely misses the bag of meat.
The destroyer is engulfed in blazing flames.
The destroyer hits something with a +9 heavy great sword!!!!!
Something hits your spectral bag of meat!!!
Something bites your spectral bag of meat.
Your spectral bag of meat is engulfed in blazing flames.
Your spectral bag of meat hits the destroyer but does no damage.
Your spectral bag of meat is engulfed in blazing flames.
Your spectral bag of meat hits the bag of meat.
The destroyer hits you with a +9 heavy great sword!!!!!
Ouch! That really hurt!
You die... .§§§. §§§ #o)§ o○# . #Z☼☼ ZZ# Z ..###Z○. ).###Zo .)Z.ZZ###ZZ.oO. oZZZZZZZ.)Z.. . #ZZZZ.#

... #_ZZ@Z#
.....#ZZV..#...
#..VZ.Z.ZZZZ......
..§§§.ZZ###ZZZ)...
..)###ZZ. V.###..
.. #Z.. Z)# .
#§... o)# Z....
O.) §).).......


You could see 3 destroyers, a large bag of meat (inner flame), a meat berserker
(berserk, distracted), 5 bags of meat, 27 friendly spectral bags of meat, 12
friendly spectral meat berserkers and 4 friendly spectral large bags of meat.

Vanquished Creatures
  4 vampire knights (D)
  34 ogres (D)
  9 two-headed ogres (D)
  53 orcs (D)
  A skeletal warrior (D)
101 creatures vanquished.

Notes
Turn   | Place    | Note
-------+----------+-------------------------------------------
     0 | D        | Found the +∞ Axe of Woe
     0 | D        | Midn8 the Djinni Warper began the quest for the Orb.
     0 | D        | Midn8 set off with the following spells memorised: Blink,
                  | Lesser Beckoning, Vhi's Electric Charge, Teleport Other,
                  | Manifold Assault.
     0 | D        | Reached XP level 1. HP: 18/18 MP: 0/0
     4 | D        | Became a worshipper of Makhleb the Destroyer
     4 | D        | Noticed a meat berserker
     6 | D        | Noticed a bag of meat
     7 | D        | Killed a meat berserker
     7 | D        | Noticed a meat berserker
     8 | D        | Reached XP level 2. HP: 23/23 MP: 0/0
     8 | D        | Reached XP level 3. HP: 28/28 MP: 0/0
     8 | D        | Learned a level 1 spell: Freeze
     8 | D        | Reached XP level 4. HP: 33/33 MP: 0/0
     8 | D        | Reached XP level 5. HP: 38/38 MP: 0/0
     8 | D        | Learned a level 2 spell: Scorch
     8 | D        | Reached XP level 6. HP: 43/43 MP: 0/0
     8 | D        | Reached XP level 7. HP: 49/49 MP: 0/0
     8 | D        | Learned a level 3 spell: Gell's Gravitas
     8 | D        | Reached XP level 8. HP: 54/54 MP: 0/0
     8 | D        | Reached XP level 9. HP: 58/58 MP: 0/0
     8 | D        | Learned a level 3 spell: Swiftness
     8 | D        | Reached XP level 10. HP: 64/64 MP: 0/0
     8 | D        | Reached XP level 11. HP: 68/68 MP: 0/0
     8 | D        | Learned a level 5 spell: Arcjolt
     8 | D        | Reached XP level 12. HP: 74/74 MP: 0/0
     8 | D        | Killed a meat berserker
     8 | D        | Reached * piety under Makhleb
     8 | D        | Noticed a meat berserker
     8 | D        | Noticed a bag of meat
     9 | D        | Reached skill level 27 in Axes
     9 | D        | Reached skill level 5 in Spellcasting
     9 | D        | Reached skill level 5 in Conjurations
     9 | D        | Reached skill level 5 in Hexes
     9 | D        | Reached skill level 5 in Summonings
     9 | D        | Reached skill level 5 in Necromancy
     9 | D        | Reached skill level 5 in Translocations
     9 | D        | Reached skill level 5 in Transmutations
     9 | D        | Reached skill level 5 in Fire Magic
     9 | D        | Reached skill level 5 in Ice Magic
     9 | D        | Reached skill level 5 in Air Magic
     9 | D        | Reached skill level 5 in Earth Magic
     9 | D        | Reached skill level 5 in Poison Magic
     9 | D        | Reached XP level 13. HP: 89/89 MP: 0/0
     9 | D        | Learned a level 5 spell: Borgnjor's Vile Clutch
     9 | D        | Killed a bag of meat
    10 | D        | Reached XP level 14. HP: 105/105 MP: 0/0
    10 | D        | Killed a bag of meat
    10 | D        | Killed a meat berserker
    10 | D        | Reached ** piety under Makhleb
    11 | D        | Reached XP level 15. HP: 124/124 MP: 0/0
    11 | D        | Learned a level 6 spell: Death Channel
    13 | D        | Noticed a meat berserker
    14 | D        | Killed a meat berserker
    17 | D        | Noticed a meat berserker
    18 | D        | Killed a meat berserker
    18 | D        | Reached *** piety under Makhleb
    18 | D        | Noticed a meat berserker
    18 | D        | Noticed a meat berserker
    18 | D        | Noticed a meat berserker
    19 | D        | Reached XP level 16. HP: 145/145 MP: 0/0
    19 | D        | Killed a meat berserker
    19 | D        | Killed a meat berserker
    19 | D        | Reached **** piety under Makhleb
    19 | D        | Killed a meat berserker
    19 | D        | Noticed a meat berserker
    19 | D        | Noticed a large bag of meat
    19 | D        | Noticed a meat berserker
    20 | D        | Reached skill level 27 in Fighting
    20 | D        | Reached XP level 17. HP: 156/160 MP: 0/0
    20 | D        | Learned a level 7 spell: Spellforged Servitor
    20 | D        | Killed a large bag of meat
    20 | D        | Reached ***** piety under Makhleb
    20 | D        | Killed a meat berserker
    20 | D        | Killed a meat berserker
    20 | D        | Noticed a meat berserker
    20 | D        | Noticed a large bag of meat
    21 | D        | Reached skill level 27 in Spellcasting
    21 | D        | Reached skill level 27 in Conjurations
    21 | D        | Reached skill level 27 in Hexes
    21 | D        | Reached skill level 27 in Summonings
    21 | D        | Reached skill level 27 in Necromancy
    21 | D        | Reached skill level 27 in Translocations
    21 | D        | Reached skill level 27 in Transmutations
    21 | D        | Reached skill level 27 in Fire Magic
    21 | D        | Reached skill level 27 in Ice Magic
    21 | D        | Reached skill level 27 in Air Magic
    21 | D        | Reached skill level 27 in Earth Magic
    21 | D        | Reached skill level 27 in Poison Magic
    21 | D        | Reached XP level 18. HP: 167/167 MP: 0/0
    21 | D        | Killed a large bag of meat
    21 | D        | Killed a meat berserker
    21 | D        | Noticed a large bag of meat
    21 | D        | Noticed a meat berserker
    22 | D        | Reached skill level 27 in Dodging
    22 | D        | Reached XP level 19. HP: 174/174 MP: 0/0
    22 | D        | Learned a level 6 spell: Eringya's Noxious Bog
    22 | D        | Killed a large bag of meat
    22 | D        | Noticed a large bag of meat
    23 | D        | Reached XP level 20. HP: 181/181 MP: 0/0
    23 | D        | Killed a large bag of meat
    23 | D        | Reached ****** piety under Makhleb
    23 | D        | Killed a meat berserker
    23 | D        | Noticed a meat berserker
    23 | D        | Noticed a large bag of meat
    23 | D        | Noticed a meat berserker
    24 | D        | Reached skill level 27 in Invocations
    24 | D        | Reached skill level 5 in Ranged Weapons
    24 | D        | Reached skill level 5 in Throwing
    24 | D        | Reached skill level 5 in Shapeshifting
    24 | D        | Killed a meat berserker
    24 | D        | Killed a large bag of meat
    25 | D        | Reached XP level 21. HP: 187/187 MP: 0/0
    25 | D        | Learned a level 8 spell: Lehudib's Crystal Spear
    25 | D        | Killed a meat berserker
    25 | D        | Noticed a meat berserker
    26 | D        | Reached skill level 10 in Short Blades
    26 | D        | Reached skill level 10 in Long Blades
    26 | D        | Reached skill level 10 in Staves
    26 | D        | Reached skill level 10 in Stealth
    26 | D        | Noticed a large bag of meat
    26 | D        | Noticed a meat berserker
    26 | D        | Noticed a meat berserker
    27 | D        | Reached skill level 10 in Ranged Weapons
    27 | D        | Reached skill level 10 in Throwing
    27 | D        | Reached skill level 10 in Shapeshifting
    27 | D        | Reached XP level 22. HP: 194/194 MP: 0/0
    27 | D        | Killed a large bag of meat
    27 | D        | Killed a meat berserker
    28 | D        | Noticed a meat berserker
    29 | D        | Noticed a destroyer
    29 | D        | Killed a meat berserker
    29 | D        | Killed a meat berserker
    29 | D        | Killed a meat berserker
    29 | D        | Noticed a meat berserker
    29 | D        | Noticed a meat berserker
    30 | D        | Reached skill level 15 in Short Blades
    30 | D        | Reached skill level 15 in Long Blades
    30 | D        | Reached skill level 15 in Staves
    30 | D        | Reached skill level 15 in Stealth
    30 | D        | Reached XP level 23. HP: 201/201 MP: 0/0
    30 | D        | Learned a level 8 spell: Maxwell's Capacitive Coupling
    30 | D        | Killed a destroyer
    30 | D        | Noticed a destroyer
    31 | D        | Reached skill level 15 in Ranged Weapons
    31 | D        | Reached skill level 15 in Throwing
    31 | D        | Killed a destroyer
    32 | D        | Reached skill level 15 in Shapeshifting
    32 | D        | Reached XP level 24. HP: 208/208 MP: 0/0
    32 | D        | Noticed a destroyer
    32 | D        | Killed a destroyer
    33 | D        | Reached XP level 25. HP: 214/214 MP: 0/0
    33 | D        | Learned a level 8 spell: Summon Horrible Things
    34 | D        | Noticed a large bag of meat
    36 | D        | Reached XP level 26. HP: 221/221 MP: 0/0
    38 | D        | Reached XP level 27. HP: 228/228 MP: 0/0
    38 | D        | Learned a level 9 spell: Shatter
    41 | D        | Reached skill level 27 in Armour
    41 | D        | Reached skill level 27 in Shields
    41 | D        | Reached skill level 27 in Unarmed Combat
    41 | D        | Reached skill level 27 in Evocations
    41 | D        | Noticed a large bag of meat
    41 | D        | Noticed a large bag of meat
    42 | D        | Noticed a destroyer
    42 | D        | Killed a large bag of meat
    42 | D        | Noticed a destroyer
    42 | D        | Noticed a large bag of meat
    43 | D        | Reached skill level 27 in Short Blades
    43 | D        | Reached skill level 27 in Long Blades
    43 | D        | Reached skill level 27 in Staves
    43 | D        | Reached skill level 27 in Stealth
    43 | D        | Noticed a destroyer
    44 | D        | Reached skill level 27 in Ranged Weapons
    44 | D        | Reached skill level 27 in Throwing
    44 | D        | Reached skill level 27 in Shapeshifting
    44 | D        | Reached skill level 10 in Maces & Flails
    44 | D        | Reached skill level 10 in Polearms
    44 | D        | Killed a large bag of meat
    44 | D        | Killed a large bag of meat
    44 | D        | Noticed a large bag of meat
    45 | D        | Noticed a destroyer
    45 | D        | Killed a destroyer
    45 | D        | Mangled by a destroyer

Illustrated notes

Levels and vault maps discovered:
D:        meatsprint

Skill      XL: |  1  2  3  4  5  6  7  8  9 10 11 12 13 14 15 16 17 18 19 20 21 22 23 24 25 26 27 |
---------------+----------------------------------------------------------------------------------+-----
Axes           | 24 27 | 27.0
Fighting       | 6 11 17 23 27 | 27.0
Spellcasting   | 5 8 13 19 24 27 | 27.0
Conjurations   | 5 8 13 19 24 27 | 27.0
Hexes          | 5 8 13 19 24 27 | 27.0
Summonings     | 5 8 13 19 24 27 | 27.0
Necromancy     | 5 8 13 19 24 27 | 27.0
Translocations | 5 8 13 19 24 27 | 27.0
Transmutations | 5 8 13 19 24 27 | 27.0
Fire Magic     | 5 8 13 19 24 27 | 27.0
Ice Magic      | 5 8 13 19 24 27 | 27.0
Air Magic      | 5 8 13 19 24 27 | 27.0
Earth Magic    | 5 8 13 19 24 27 | 27.0
Poison Magic   | 5 8 13 19 24 27 | 27.0
Dodging        | 22 27 | 27.0
Invocations    | 14 24 27 | 27.0
Short Blades   | 9 11 15 18 20 22 24 27 | 27.0
Long Blades    | 9 11 15 18 20 22 24 27 | 27.0
Staves         | 9 11 15 18 20 22 24 27 | 27.0
Ranged Weapons | 8 10 14 17 18 20 22 27 | 27.0
Throwing       | 8 10 14 17 18 20 22 27 | 27.0
Armour         | 9 12 17 20 21 24 25 27 | 27.0
Stealth        | 9 11 15 18 20 22 24 27 | 27.0
Shields        | 9 12 16 20 21 24 25 27 | 27.0
Unarmed Combat | 9 12 16 20 21 24 25 27 | 27.0
Evocations     | 9 12 16 20 21 24 25 27 | 27.0
Shapeshifting  | 7 10 13 15 17 19 20 27 | 27.0
Maces & Flails | 18 | 18.2
Polearms       | 18 | 18.2

Action                     |  1- 3 |  4- 6 |  7- 9 | 10-12 | 13-15 | 16-18 | 19-21 | 22-24 | 25-27 || total
---------------------------+-------+-------+-------+-------+-------+-------+-------+-------+-------++-------
  Melee: Executioner's axe |     1 |       |       |     1 |     7 |     9 |    16 |    20 |    47 ||   101
   Cast: Manifold Assault  |       |       |       |       |     4 |     3 |     5 |     5 |    13 ||    30
         Death Channel     |       |       |       |       |     1 |       |       |       |       ||     1

Table legend: (Time is in decaauts)
 A = Elapsed time spent in this place.
 B = Non-inter-level travel time spent in this place.
 C = Inter-level travel time spent in this place.
 D = Time resting spent in this place.
 E = Time spent auto-exploring this place.
 F = Levels seen in this place.
 G = Mean time per level.
                   A        B        C        D        E       F      G
               +--------+--------+--------+--------+--------+-----+--------+
         Total |     36 |     36 |      0 |      0 |      0 |   1 |   36.0 |
       Dungeon |     36 |     36 |      0 |      0 |      0 |   1 |   36.0 |
               +--------+--------+--------+--------+--------+-----+--------+

Top non-repeatable levels by time:
       D: 36 daAuts
